 Dungeon Crawl Stone Soup version 0.22.0 (webtiles) character file.

405432 Gorglomux the Slayer (level 22, -2/220 HPs)
             Began as a Minotaur Fighter on Aug 10, 2018.
             Was a High Priest of Okawaru.
             Slain by a ghost moth (4 damage)
             ... on level 5 of the Realm of Zot.
             The game lasted 00:38:49 (37932 turns).

Gorglomux the Slayer (Minotaur Fighter)            Turns: 37932, Time: 00:38:50

Health: -2/220     AC: 35    Str: 26 (27) XL:     22   Next: 4%
Magic:  0/27       EV:  7    Int: 12      God:    Okawaru [*****.]
Gold:   548        SH: 17    Dex: 10      Spells: 21/21 levels left

rFire    + + +     SeeInvis .   t - +3 broad axe "Voakhol" {god gift, vamp, Int+3 Stlth+}
rCold    + + +     Gourm    .   c - +0 shield
rNeg     . . .     Faith    .   K - +0 gold dragon scales
rPois    +         Spirit   .   (helmet unavailable)
rElec    +         Reflect  .   m - +2 cloak {+Inv} {god gift}
rCorr    +         Harm     .   u - +2 pair of gloves
MR       ++...                  G - +1 pair of boots {Fly} {god gift}
Stlth    ..........             r - amulet of regeneration
HPRegen  0.86/turn              b - ring of Past Mistakes {rPois rF+ rC+ Stlth+}
MPRegen  0.20/turn              l - ring "Jelim" {rPois MR+ Stlth-}

@: lethally poisoned (-2 -> -26), resistant, slowed, very slow
A: retaliatory headbutt, horns 3, wild magic 1
}: 3/15 runes: serpentine, barnacled, silver
a: Heroism, Finesse, Renounce Religion, Evoke Invisibility, Evoke Flight


You were on level 5 of the Realm of Zot.
You worshipped Okawaru.
Okawaru was extremely pleased with you.
You were very full.

You visited 8 branches of the dungeon, and saw 45 of its levels.

You collected 1992 gold pieces.
You spent 1444 gold pieces at shops.

Inventory:

Hand Weapons
 t - the +3 broad axe "Voakhol" (weapon) {god gift, vamp, Int+3 Stlth+}
   (Okawaru gifted it to you on level 14 of the Dungeon)

   It inflicts no extra harm, but heals its wielder when it wounds a living foe.
   It affects your intelligence (+3).
   It makes you more stealthy.
 w - the +14 obsidian axe {chop, +Fly SInv *Curse}
   (You found it on level 12 of the Dungeon)

   It inflicts extra damage upon your enemies.
   It lets you see invisible.
   It lets you fly.
   It curses itself when equipped.
Armour
 c - a +0 shield (worn)
 m - a +2 cloak of invisibility (worn) {god gift}
 u - a +2 pair of gloves (worn)
 G - a +1 pair of boots of flying (worn) {god gift}
 K - +0 gold dragon scales (worn)
 Y - the +2 hat of the Bear Spirit {Spirit, +Rage rN+ MR++}
   (You found it on level 8 of the Dungeon)

   It protects you from negative energy.
   It affects your resistance to hostile enchantments.
   It lets you go berserk.
Jewellery
 b - the ring of Past Mistakes (left hand) {rPois rF+ rC+ Stlth+}
   (You found it on level 15 of the Dungeon)

   [ring of poison resistance]

   It protects you from fire.
   It protects you from cold.
   It protects you from poison.
   It makes you more stealthy.
 g - an uncursed ring of resist corrosion
 l - the ring "Jelim" (right hand) {rPois MR+ Stlth-}
   (You bought it in a shop on level 15 of the Dungeon)

   [ring of attention]

   It protects you from poison.
   It affects your resistance to hostile enchantments.
   It makes you less stealthy.
 o - an uncursed amulet of the acrobat {unknown}
 r - an amulet of regeneration (around neck)
 U - a cursed ring of teleportation {unknown}
Wands
 A - a wand of acid (8)
 E - a wand of enslavement (19)
 I - a wand of iceblast (12)
 O - a wand of clouds (6)
 S - a wand of scattershot (13)
Scrolls
 i - 12 scrolls of remove curse
 j - 4 scrolls of fog
 n - a scroll of brand weapon
 s - 5 scrolls of immolation
 v - 10 scrolls of amnesia
 x - a scroll of holy word
 B - a scroll of blinking
 F - 6 scrolls of fear
 H - a scroll of torment
 J - a scroll of summoning
 R - a scroll of identify
 T - 5 scrolls of teleportation
 V - 2 scrolls of vulnerability
 Z - 2 scrolls of enchant weapon
Potions
 d - 5 potions of might
 e - 3 potions of agility
 p - 3 potions of cancellation
 q - 2 potions of invisibility
 y - 2 potions of berserk rage
 z - 6 potions of brilliance
 C - 3 potions of ambrosia
 D - 2 potions of flight
 L - 4 potions of haste
 N - 5 potions of lignification
 Q - 11 potions of curing
Miscellaneous
 W - a sack of spiders
 X - a phial of floods
Comestibles
 f - 31 rations


   Skills:
 + Level 23.3 Fighting
 - Level 18.0 Axes
 + Level 23.3 Armour
 + Level 23.3 Shields
 - Level 9.0 Invocations


You had 21 spell levels left.
You didn't know any spells.
Your spell library contained the following spells:

 Spells                   Type           Power        Failure   Level  Hunger
 Magic Dart               Conj           #...         98%         1    ##.....
 Apportation              Tloc           #.....       98%         1    ##.....
 Conjure Flame            Conj/Fire      #.......     100%        3    ####...
 Lightning Bolt           Conj/Air       #.........   100%        5    ######.
 Slow                     Hex            #.......     99%         2    ###....
 Confuse                  Hex            #.......     100%        3    ####...
 Mephitic Cloud           Conj/Pois/Air  #.......     100%        3    ####...
 Venom Bolt               Conj/Pois      #.........   100%        5    ######.
 Olgreb's Toxic Radiance  Pois           #.......     100%        4    #####..
 Summon Small Mammal      Summ           #...         98%         1    ##.....
 Blink                    Tloc           N/A          99%         2    ###....
 Animate Skeleton         Necr           N/A          98%         1    ##.....
 Call Imp                 Summ           #.......     99%         2    ###....
 Sting                    Conj/Pois      #...         98%         1    ##.....
 Stone Arrow              Conj/Erth      #.....       100%        3    ####...
 Shock                    Conj/Air       #...         98%         1    ##.....
 Swiftness                Chrm/Air       #.......     99%         2    ###....
 Spider Form              Tmut/Pois      #.........   100%        3    ####...
 Blade Hands              Tmut           #.........   100%        5    ######.
 Ice Form                 Ice/Tmut       #.......     100%        4    #####..
 Airstrike                Air            #.........   100%        4    #####..
 Shadow Creatures         Summ           N/A          100%        6    #######
 Confusing Touch          Hex            #.....       98%         1    ##.....
 Sticks to Snakes         Tmut           #.......     99%         2    ###....
 Ensorcelled Hibernation  Hex/Ice        #.....       99%         2    ###....
 Metabolic Englaciation   Hex/Ice        #.........   100%        5    ######.
 Silence                  Hex/Air        #.........   100%        5    ######.
 Static Discharge         Conj/Air       #.......     100%        3    ####...
 Conjure Ball Lightning   Conj/Air       #.........   100%        6    #######
 Petrify                  Tmut/Erth      #.......     100%        4    #####..
 Darkness                 Hex            #.........   100%        6    #######
 Beastly Appendage        Tmut           #.....       98%         1    ##.....
 Gell's Gravitas          Tloc           #.........   100%        3    ####...
 Yara's Violent Unravell  Hex/Tmut       #.........   100%        5    ######.
 Poisonous Vapours        Pois/Air       #.....       99%         2    ###....
 Borgnjor's Vile Clutch   Necr/Erth      #.........   100%        5    ######.


Dungeon Overview and Level Annotations

Branches:
Dungeon (15/15)            Temple (1/1) D:4            Lair (6/6) D:9
 Shoals (4/4) Lair:3        Snake (4/4) Lair:3        Slime (0/5) Lair:6
    Orc (0/2) D:10         Vaults (5/5) D:14          Crypt (0/3) Vaults:3
 Depths (5/5) D:15            Zot (5/5) Depths:5

Altars:
Ashenzari
Dithmenos
Elyvilon
Gozag
Kikubaaqudgha
Makhleb
Nemelex Xobeh
Okawaru
Qazlal
Sif Muna
Trog
Uskayaw
Vehumet
Wu Jian
Xom
Yredelemnul
Zin
The Shining One
Beogh

Shops:
D:15 =[:   Snake:1 :   Snake:2 }!?}   Vaults:3 =   Depths:2 (

Portals:
Abyss: Depths:2
Trove: D:13 (give 5 potions of resistance)

Annotations:
D:6 1 transporter
D:7 2 runed doors, Lew's ghost, novice GrFi
Lair:1 2 runed doors, exclusion: oklob plant, Cimom's ghost, journeyman MiFi
Lair:3 exclusion: oklob plant
Lair:6 3 runed doors, exclusion: oklob plant, Ruoxenep's ghost, journeyman MiBe
Snake:1 3 runed doors, Gorglomux's ghost, journeyman MiFi


Innate Abilities, Weirdness & Mutations

You reflexively headbutt those who attack you in melee.
You have a pair of large horns on your head.
Your spells are a little harder to cast, but a little more powerful.


Message History

Something hits you!!! * * * don't die
* * * Something stings you! * * * don't die
* * * You feel you are being watched by something!
Something hits you but does no damage! Something hits you butt does no damage!
Something stings you! * * * don't die
* * * You are lethally poisoned!!!
Something butts you!!!
Okay, then! * * * butt't die
* * * You feel extremely sick! * * * don't die
* * * You feel very sick!
You feel you are being watched by something! x2
Something hits you!!! * * * don't die
* * * You block something's attack!
Something stings you! rip

,,,,,,,,,,,,,,,,,,***,,,,,,,***,,
,,,,,,,,,,,,,,,,,,* ********* *,,
,,,,,,,,,,,,,,,,,** **,
.,,,,,,,,,,,,,,*** **
..,,,,,,,,,,****
...##▓▓▓▓▓▓▓▓▓▓▓# *
.......^...X^^..### ***
...^........##....## **,,
.....^.......###@..##########*,,,
..............###.^...........,,*
.^......^.....# ##.............**
..............# #..^..........*
..............# ##...........#*
..............# #...[.......#
..............# ##...........##
.............## #.............#
............## ##....^).......#*


You could see an Orb Guardian.

Vanquished Creatures
  2 ancient liches (Vaults:5)
  7 golden dragons
  Nikola (Vaults:1)
  A bone dragon (Depths:5)
  Rupert (D:12)
  7 Orb Guardians (Zot:5)
  7 tentacled monstrosities
  2 titans (Vaults:5)
  2 quicksilver dragons
  A kraken (Shoals:4)
  Polyphemus (Shoals:3)
  A sphinx (D:15)
  2 death cobs
  4 tengu reavers
  5 shadow dragons
  8 nagarajas
  3 storm dragons
  A deep elf sorcerer (Vaults:4)
  5 frost giants
  4 draconian monks
  A draconian scorcher (Zot:1)
  2 fire giants
  2 ghost moths (Zot:5)
  6 vault wardens
  6 ironheart preservers
  A ghoul (D:14)
  3 war gargoyles (Vaults:5)
  5 stone giants
  8 very ugly things
  3 black draconians
  2 entropy weavers (Vaults:2)
  A green draconian (Zot:3)
  3 yellow draconians
  3 spark wasps (Depths:2)
  A deep elf annihilator (Vaults:5)
  A red draconian (Zot:3)
  3 purple draconians (Zot:1)
  An eidolon (Vaults:3)
  A deep elf death mage (Vaults:3)
  4 merfolk javelineers (Shoals:4)
  4 ettins
  3 white draconians
  Snorg (D:11)
  4 fire dragons
  4 deep elf high priests (Vaults:5)
  3 merfolk impalers
  7 ogre magi
  10 yaktaur captains
  8 great orbs of eyes
  30 vault guards
  7 hydras
  Harold (D:11)
  4 ice dragons
  A rakshasa (Vaults:2)
  2 catoblepae
  8 merfolk avatars
  10 naga warriors
  33 two-headed ogres
  6 death knights
  A spriggan air mage (Depths:5)
  9 centaur warriors
  A merfolk aquamancer (Shoals:3)
  3 anacondas
  2 deep troll shamans
  An alligator snapping turtle (Shoals:4)
  2 satyrs (Shoals:3)
  A dancing weapon (Vaults:5)
  A deep troll earth mage (D:13)
  4 tengu warriors
  8 death yaks
  3 shock serpents
  3 deep elf knights
  Sonja (Lair:6)
  4 naga sharpshooters (Snake:4)
  2 iron trolls (Depths:3)
  3 skeletal warriors
  6 hell knights (Depths:1)
  A titan skeleton (Vaults:4)
  A flayed ghost (Vaults:2)
  2 glowing orange brains
  5 sea snakes
  6 naga ritualists
  13 deep trolls
  2 unseen horrors
  3 deep elf archers
  A swamp dragon (Lair:6)
  7 wizards
  A wolf spider zombie (D:15)
  3 phantasmal warriors
  12 ironbrand convokers
  25 ugly things
  2 necromancers
  7 orc knights
  2 wolf spiders
  6 mana vipers
  A tengu skeleton (Vaults:4)
  2 orc sorcerers
  6 deep elf magi
  A mana viper (shapeshifter) (Vaults:5)
  An elephant (shapeshifter) (Vaults:5)
  23 fauns
  11 manticores
  15 cyclopes
  5 salamanders
  5 centaur zombies
  6 elephants (Lair:6)
  24 black mambas
  5 moths of wrath
  18 vault sentinels
  5 merfolk sirens
  A guardian serpent (Snake:4)
  10 naga magi
  Psyche (D:11)
  A black mamba (shapeshifter) (Depths:4)
  A gargoyle (D:10)
  3 water nymphs
  10 spiny frogs
  2 torpor snails (Lair:6)
  A frost giant skeleton (Vaults:3)
  A yaktaur zombie (Vaults:4)
  3 rime drakes
  13 yaktaurs
  A rime drake (shapeshifter) (Depths:2)
  2 yaktaurs (shapeshifter) (Vaults:3)
  5 freezing wraiths
  6 komodo dragons
  2 kobold demonologists (D:15)
  2 tengu conjurers
  21 merfolk
  A meliai (D:15)
  A guardian mummy (D:14)
  A tengu simulacrum (Vaults:1)
  A polar bear (Lair:3)
  A meliai (shapeshifter) (D:15)
  8 trolls
  2 wind drakes
  A tyrant leech (Lair:6)
  7 snapping turtles
  22 slime creatures
  22 blink frogs
  A wolf spider simulacrum (D:15)
  4 hornets
  12 hippogriffs
  A meliai zombie (D:14)
  A fire giant simulacrum (Vaults:3)
  A centaur simulacrum (D:15)
  A redback (Vaults:2)
  3 shadows
  5 water elementals
  2 wraiths
  A redback (shapeshifter) (Vaults:5)
  2 spriggans
  38 yaks
  3 wyverns
  Grum (D:9)
  2 steam dragons (Lair:6)
  A human (shapeshifter) (Vaults:3)
  7 vampire mosquitoes
  3 basilisks
  2 wargs (Vaults:2)
  7 swamp worms (D:10)
  2 hungry ghosts
  A human simulacrum (Vaults:3)
  5 acid dragons
  35 nagas
  Duvessa (D:6)
  9 water moccasins
  3 floating eyes
  16 orc warriors
  7 porcupines
  3 sky beasts
  5 ice beasts
  An eye of draining (D:12)
  An ice beast (shapeshifter) (Vaults:5)
  3 phantoms
  32 ogres
  3 black bears
  6 boggarts
  7 centaurs
  13 wolves
  14 crocodiles
  4 big kobolds
  18 bullfrogs
  A wyvern zombie (D:8)
  5 scorpions
  Dowan (D:6)
  6 killer bees
  4 jellies
  A water moccasin skeleton (D:9)
  16 wights
  8 howler monkeys
  4 crimson imps
  6 bullfrog zombies
  4 hounds
  19 orc priests
  3 centaur skeletons
  Natasha (twice) (D:4)
  5 bullfrog skeletons
  5 iguanas
  11 orc wizards
  7 worker ants
  4 hell rats (Lair:6)
  A hound zombie (D:6)
  A hound skeleton (D:10)
  2 worker ant zombies
  5 mummies (D:14)
  9 adders
  4 gnolls (D:4)
  9 river rats (D:5)
  2 shadow imps
  4 oozes
  An adder zombie (D:7)
  A worm (D:2)
  2 dart slugs (D:1)
  6 leopard geckos
  52 orcs
  2 giant cockroaches
  4 goblins
  4 hobgoblins
  3 jackals (D:7)
  6 quokkas
  3 ball pythons
  5 bats
  4 frilled lizards
  A jackal skeleton (D:5)
  22 kobolds
  A leopard gecko skeleton (D:6)
  21 rats
  7 fungi
  24 plants
  4 tentacles (Shoals:4)
1312 creatures vanquished.

Vanquished Creatures (collateral kills)
  Tiamat (Zot:1)
  A golden dragon (Vaults:5)
  A death cob (Zot:3)
  A draconian monk (Zot:1)
  A draconian shifter (Zot:1)
  A ghoul (D:14)
  2 vault wardens
  A draconian annihilator (Zot:1)
  2 ironheart preservers (Vaults:3)
  A stone giant (Vaults:2)
  A black draconian (Zot:1)
  A spark wasp (Depths:2)
  A red draconian (Zot:1)
  A great orb of eyes (D:15)
  5 vault guards
  2 naga warriors (Snake:4)
  A yaktaur captain (Vaults:5)
  A hydra (D:15)
  4 two-headed ogres
  A tengu warrior (Depths:2)
  2 ogre magi
  A titan zombie (Vaults:3)
  2 skeletal warriors (D:14)
  A deep troll (Vaults:5)
  2 ironbrand convokers (Vaults:5)
  3 ugly things
  An orc knight (Vaults:3)
  3 cyclopes
  A sphinx skeleton (Vaults:4)
  2 slime creatures
  A moth of wrath (Zot:3)
  A merfolk siren (Shoals:1)
  2 centaur zombies (D:14)
  A vault sentinel (Vaults:2)
  4 black mambas
  A guardian serpent (Snake:2)
  2 freezing wraiths
  A yaktaur (Vaults:5)
  2 merfolk (Shoals:1)
  An ettin skeleton (Vaults:3)
  A redback (Vaults:2)
  A shadow (D:13)
  A fire bat (shapeshifter) (Depths:1)
  A naga (shapeshifter) (Vaults:4)
  7 nagas (Snake:4)
  2 orc warriors
  4 ogres
  A crimson imp (D:15)
  An orc wizard (Vaults:3)
  A shadow imp (D:13)
  3 orcs
87 creatures vanquished.

Vanquished Creatures (others)
  A komodo dragon (Lair:6)
  A naga (Snake:4)
  4 wolves (Lair:6)
  20 fungi
  54 plants
  3 tentacles (Shoals:4)
83 creatures vanquished.

Grand Total: 1482 creatures vanquished

Notes
Turn   | Place    | Note
-------+----------+-------------------------------------------
     0 | D:1      | Gorglomux the Minotaur Fighter began the quest for the Orb.
     0 | D:1      | Reached XP level 1. HP: 19/19 MP: 0/0
   133 | D:1      | Reached XP level 2. HP: 25/27 MP: 1/1
   146 | D:1      | Found a shimmering altar of Xom.
   224 | D:1      | Reached skill level 3 in Axes
   405 | D:2      | Reached XP level 3. HP: 28/33 MP: 2/2
   496 | D:3      | Found an opulent altar of Gozag.
   974 | D:3      | Reached XP level 4. HP: 25/40 MP: 3/3
  1324 | D:4      | Noticed a phantom
  1360 | D:4      | HP: 2/41 [phantom (2)]
  1368 | D:4      | Killed a phantom
  1368 | D:4      | Reached XP level 5. HP: 5/47 MP: 4/4
  1819 | D:4      | Found a staircase to the Ecumenical Temple.
  1873 | D:4      | Noticed Natasha
  1879 | D:4      | Killed Natasha
  1928 | Temple   | Entered the Ecumenical Temple
  2063 | Temple   | Became a worshipper of Warmaster Okawaru
  2318 | D:4      | Noticed Natasha
  2328 | D:4      | Killed Natasha
  2328 | D:4      | Reached XP level 6. HP: 56/56 MP: 5/5
  2484 | D:5      | Entered Level 5 of the Dungeon
  2607 | D:5      | Reached skill level 1 in Invocations
  2648 | D:5      | Noticed a water moccasin
  2666 | D:5      | Killed a water moccasin
  2666 | D:5      | Reached * piety under Okawaru
  2666 | D:5      | Reached XP level 7. HP: 11/62 MP: 5/7
  2975 | D:5      | Reached skill level 6 in Fighting
  2975 | D:5      | Reached skill level 6 in Armour
  3047 | D:5      | Reached skill level 6 in Shields
  3311 | D:5      | You fall through a shaft for 2 floors!
  3311 | D:7      | Found a shadowy altar of Dithmenos.
  3346 | D:6      | Found a basalt altar of Yredelemnul.
  3346 | D:6      | Found a glowing silver altar of Zin.
  3467 | D:7      | Reached XP level 8. HP: 49/71 MP: 6/9
  3580 | D:7      | Reached ** piety under Okawaru
  3589 | D:7      | Reached skill level 6 in Axes
  3589 | D:7      | Reached skill level 3 in Invocations
  3754 | D:7      | Found a runed gate.
  3754 | D:7      | Found a runed gate.
  3757 | D:7      | Found a runed gate.
  3757 | D:7      | You fall through a shaft!
  4195 | D:7      | Noticed a hippogriff
  4201 | D:7      | Killed a hippogriff
  4247 | D:6      | Reached XP level 9. HP: 63/80 MP: 7/10
  4379 | D:6      | Noticed Dowan
  4379 | D:6      | Noticed Duvessa
  4385 | D:6      | Killed Dowan
  4390 | D:6      | Killed Duvessa
  4555 | D:6      | Reached *** piety under Okawaru
  4702 | D:6      | Found a sparkling altar of Nemelex Xobeh.
  4702 | D:6      | Found a transporter.
  4703 | D:6      | Noticed a two-headed ogre
  4885 | D:7      | Noticed Lew's ghost (novice GrFi)
  5115 | D:8      | Found the +2 hat of the Bear Spirit {Spirit, +Rage rN+ MR++}
  5486 | D:9      | Received a gift from Okawaru
  5514 | D:9      | Reached skill level 9 in Fighting
  5514 | D:9      | Reached skill level 9 in Shields
  5521 | D:9      | Reached skill level 9 in Armour
  5754 | D:9      | Reached XP level 10. HP: 87/91 MP: 11/11
  5923 | D:9      | Noticed Grum
  5936 | D:9      | Reached skill level 9 in Axes
  5939 | D:9      | Reached **** piety under Okawaru
  5951 | D:9      | Killed Grum
  6191 | D:9      | Paralysed by a hornet for 1 turns
  6199 | D:9      | Received a gift from Okawaru
  6568 | D:10     | Entered Level 10 of the Dungeon
  6693 | D:10     | Got a spiked plate armour
  6774 | D:10     | Identified the +0 plate armour of Minor Irritation {rN+ Dex+3} (You found it on level 10 of the Dungeon)
  6784 | D:10     | Reached ***** piety under Okawaru
  6931 | D:10     | Found a roughly hewn altar of Beogh.
  6931 | D:10     | Found a staircase to the Orcish Mines.
  6934 | D:10     | Noticed a gargoyle
  6981 | D:10     | Killed a gargoyle
  6981 | D:10     | Reached XP level 11. HP: 41/101 MP: 4/12
  8296 | D:11     | Found a frozen archway.
  8443 | D:11     | Noticed Harold
  8466 | D:11     | Killed Harold
  8540 | D:11     | Noticed Snorg
  8542 | D:11     | Noticed Psyche
  8553 | D:11     | Killed Psyche
  9034 | D:11     | Killed Snorg
  9270 | D:9      | Found a staircase to the Lair.
  9281 | Lair:1   | Entered Level 1 of the Lair of Beasts
  9338 | Lair:1   | Found a large runed door.
  9338 | Lair:1   | Found a large runed door.
  9340 | Lair:1   | Noticed Cimom's ghost (journeyman MiFi)
  9402 | Lair:1   | Noticed an oklob plant
  9451 | Lair:1   | Found a dark tunnel.
  9555 | Lair:1   | Received a gift from Okawaru
  9761 | Lair:1   | Identified 2 scrolls of acquirement
  9762 | Lair:1   | Got an iridescent broad axe
  9763 | Lair:1   | Identified the +8 broad axe "Zacul" {venom, MR- Str+4 SInv} (You acquired it on level 1 of the Lair of Beasts)
 10351 | Lair:2   | Reached XP level 12. HP: 111/111 MP: 14/14
 10379 | Lair:2   | Noticed a catoblepas
 10388 | Lair:2   | Killed a catoblepas
 11155 | Lair:3   | Reached skill level 12 in Shields
 11155 | Lair:3   | Reached skill level 12 in Fighting
 11155 | Lair:3   | Reached skill level 12 in Armour
 11291 | Lair:3   | Found a staircase to the Snake Pit.
 11313 | Lair:3   | Reached skill level 12 in Axes
 11599 | Lair:3   | Found a staircase to the Shoals.
 11840 | Lair:4   | Noticed an eight-headed hydra
 11853 | Lair:4   | Killed a 13-headed hydra
 11853 | Lair:4   | Received a gift from Okawaru
 11853 | Lair:4   | Reached skill level 6 in Invocations
 12185 | Lair:4   | Reached ****** piety under Okawaru
 12284 | Lair:4   | Received a gift from Okawaru
 12284 | Lair:4   | Reached XP level 13. HP: 119/119 MP: 17/17
 13867 | Lair:6   | Entered Level 6 of the Lair of Beasts
 14011 | Lair:6   | Noticed Sonja
 14066 | Lair:6   | Killed Sonja
 14738 | Lair:6   | Noticed a fire dragon
 14752 | Lair:6   | Killed a fire dragon
 14954 | Lair:6   | Found a staircase to the Slime Pits.
 15322 | Lair:6   | Found a runed gate.
 15330 | Lair:6   | Received a gift from Okawaru
 15331 | Lair:6   | Found a runed gate.
 15332 | Lair:6   | Found a runed gate.
 15334 | Lair:6   | Noticed Ruoxenep's ghost (journeyman MiBe)
 15747 | D:12     | Reached XP level 14. HP: 100/130 MP: 19/19
 15867 | D:12     | Noticed a stone giant
 15892 | D:12     | Killed a stone giant
 16287 | D:12     | Found the cursed +14 obsidian axe {chop, +Fly SInv *Curse}
 16700 | D:12     | Noticed Rupert
 16713 | D:12     | Killed Rupert
 16713 | D:12     | Reached skill level 9 in Invocations
 17320 | D:13     | Received a gift from Okawaru
 17527 | D:13     | Noticed a frost giant
 17533 | D:13     | Noticed a tengu reaver
 17538 | D:13     | Noticed a frost giant
 17539 | D:13     | Killed a frost giant
 17549 | D:13     | Killed a tengu reaver
 18070 | D:13     | Found a portal to a secret trove of treasure.
 18352 | D:13     | Received a gift from Okawaru
 18449 | D:13     | Killed a frost giant
 18455 | D:13     | Reached skill level 15 in Fighting
 18455 | D:13     | Reached skill level 15 in Shields
 18462 | D:13     | Reached skill level 15 in Armour
 18663 | D:13     | Identified the Disquisition on Ashen Lightness
 18918 | D:14     | Reached XP level 15. HP: 124/141 MP: 12/20
 18943 | D:14     | Received a gift from Okawaru
 18971 | D:14     | Reached skill level 15 in Axes
 18997 | D:14     | Got a fine broad axe {god gift}
 19000 | D:14     | Identified the +3 broad axe "Voakhol" {god gift, vamp, Int+3 Stlth+} (Okawaru gifted it to you on level 14 of the Dungeon)
 19510 | D:14     | Found a gate to the Vaults.
 19803 | D:15     | Entered Level 15 of the Dungeon
 19811 | D:15     | Received a gift from Okawaru
 19819 | D:15     | Paralysed by a floating eye for 3 turns
 20080 | Snake:1  | Entered Level 1 of the Snake Pit
 20287 | Snake:1  | Noticed Gorglomux's ghost (journeyman MiFi)
 20668 | Snake:1  | Found a runed gate.
 20668 | Snake:1  | Found a runed gate.
 20668 | Snake:1  | Found a runed gate.
 20825 | Snake:1  | Found Kicyokam's Book Shop.
 20938 | Snake:2  | Found Feetutaa's Magic Scroll Shop.
 20938 | Snake:2  | Found Noadei's Gadget Shop.
 20972 | Snake:2  | Found Wong's Distillery.
 20978 | Snake:2  | Found Mogoe's Gadget Shop.
 21080 | Snake:2  | Bought a potion of heal wounds for 65 gold pieces
 21080 | Snake:2  | Bought a potion of resistance for 130 gold pieces
 21080 | Snake:2  | Bought a potion of haste for 130 gold pieces
 21080 | Snake:2  | Bought a potion of might for 52 gold pieces
 21080 | Snake:2  | Bought a potion of curing for 39 gold pieces
 21080 | Snake:2  | Bought a potion of brilliance for 52 gold pieces
 21080 | Snake:2  | Bought a potion of curing for 39 gold pieces
 21080 | Snake:2  | Bought a potion of might for 52 gold pieces
 21080 | Snake:2  | Bought a potion of ambrosia for 104 gold pieces
 21086 | Snake:2  | Bought a scroll of enchant armour for 120 gold pieces
 21086 | Snake:2  | Bought a scroll of fear for 56 gold pieces
 21086 | Snake:2  | Bought a scroll of fog for 32 gold pieces
 21086 | Snake:2  | Bought a scroll of magic mapping for 56 gold pieces
 21092 | Snake:2  | Bought a scroll of magic mapping for 56 gold pieces
 21137 | Snake:2  | Noticed a nagaraja
 21147 | Snake:2  | Killed a nagaraja
 21619 | Snake:3  | Reached XP level 16. HP: 131/151 MP: 19/21
 21694 | Snake:3  | Received a gift from Okawaru
 21967 | Snake:4  | Entered Level 4 of the Snake Pit
 22224 | Snake:4  | Received a gift from Okawaru
 23412 | Snake:4  | Got a serpentine rune of Zot
 23613 | Shoals:1 | Entered Level 1 of the Shoals
 23745 | Shoals:2 | Received a gift from Okawaru
 24737 | Shoals:3 | Noticed Polyphemus
 24870 | Shoals:3 | Reached XP level 17. HP: 161/161 MP: 16/22
 24874 | Shoals:3 | Killed Polyphemus
 25016 | Shoals:4 | Entered Level 4 of the Shoals
 25536 | Shoals:4 | Received a gift from Okawaru
 25592 | Shoals:4 | Noticed a kraken
 25608 | Shoals:4 | Killed a kraken
 25662 | Shoals:4 | Got a barnacled rune of Zot
 26039 | Vaults:1 | Entered Level 1 of the Vaults
 26062 | Vaults:1 | Reached skill level 18 in Shields
 26070 | Vaults:1 | Reached skill level 18 in Fighting
 26074 | Vaults:1 | Reached skill level 18 in Armour
 26200 | Vaults:1 | Paralysed by an ogre mage for 6 turns
 26614 | Vaults:1 | Reached skill level 18 in Axes
 26963 | Vaults:1 | Noticed Nikola
 26976 | Vaults:1 | Killed Nikola
 27852 | Vaults:2 | Reached XP level 18. HP: 154/173 MP: 21/23
 28457 | Vaults:2 | Received a gift from Okawaru
 29755 | Vaults:3 | Found Jeexzian's Jewellery Emporium.
 29868 | Vaults:3 | Found a staircase to the Crypt.
 30067 | Vaults:3 | Received a gift from Okawaru
 31013 | Vaults:3 | Gained mutation: Scrolls take you a little longer to read. [a neqoxec]
 31552 | Vaults:4 | Received a gift from Okawaru
 31754 | Vaults:4 | Reached XP level 19. HP: 184/184 MP: 24/24
 32237 | Vaults:4 | Received a gift from Okawaru
 33095 | Vaults:5 | Entered Level 5 of the Vaults
 33160 | Vaults:5 | Received a gift from Okawaru
 33183 | Vaults:5 | Noticed an ancient lich
 33209 | Vaults:5 | Killed an ancient lich
 33223 | Vaults:5 | Noticed a golden dragon
 33241 | Vaults:5 | Killed a golden dragon
 33540 | Vaults:5 | Received a gift from Okawaru
 33582 | Vaults:5 | Noticed a golden dragon
 33590 | Vaults:5 | Reached skill level 21 in Shields
 33600 | Vaults:5 | Killed a golden dragon
 33600 | Vaults:5 | Reached skill level 21 in Fighting
 33600 | Vaults:5 | Reached skill level 21 in Armour
 33600 | Vaults:5 | Reached XP level 20. HP: 175/198 MP: 20/25
 33765 | Vaults:5 | Noticed an ancient lich
 33778 | Vaults:5 | Killed an ancient lich
 33854 | Vaults:5 | Got a silver rune of Zot
 34119 | D:15     | Got a fine glass ring
 34122 | D:15     | Identified the ring "Netaf" {rN+ Int+3} (You found it on level 15 of the Dungeon)
 34221 | D:15     | Found Momoh's Armour Shoppe.
 34321 | D:15     | Identified the ring "Rogeid" {rC++ rN+ EV+4 Str+2 Int+3} (You found it on level 15 of the Dungeon)
 34351 | D:15     | Received a gift from Okawaru
 34478 | D:15     | Found Vuoj's Book Boutique.
 34485 | D:15     | Got a bloodstained cloak {god gift}
 34496 | D:15     | Identified the -4 cloak of Amorality {god gift, Int+3} (Okawaru gifted it to you on level 15 of the Dungeon)
 34720 | D:15     | Paralysed by a floating eye for 2 turns
 34748 | D:15     | Found Codilora's Jewellery Shop.
 34765 | D:15     | Bought the ring "Jelim" {rPois MR+ Stlth-} for 461 gold pieces
 34860 | D:15     | Got a glittering turquoise ring
 34863 | D:15     | Identified the ring of Past Mistakes {rPois rF+ rC+ Stlth+} (You found it on level 15 of the Dungeon)
 35046 | D:15     | Found a staircase to the Depths.
 35055 | Depths:1 | Entered Level 1 of the Depths
 35100 | Depths:1 | Lost mutation: Scrolls take you a little longer to read. [potion of mutation]
 35100 | Depths:1 | Gained mutation: Your spells are a little harder to cast, but a little more powerful. [potion of mutation]
 35100 | Depths:1 | Gained mutation: You have a pair of large horns on your head. [potion of mutation]
 35102 | Depths:2 | Found Pontamue's Weapon Shoppe.
 35102 | Depths:2 | Found a one-way gate to the infinite horrors of the Abyss.
 35763 | Depths:5 | Entered Level 5 of the Depths
 35801 | Depths:5 | Reached XP level 21. HP: 130/207 MP: 18/26
 35810 | Depths:5 | Received a gift from Okawaru
 35888 | Depths:5 | Found a gate to the Realm of Zot.
 35888 | Depths:5 | Noticed a golden dragon
 35888 | Depths:5 | Noticed a golden dragon
 35906 | Depths:5 | Killed a golden dragon
 35912 | Depths:5 | Killed a golden dragon
 36028 | Zot:1    | Entered Level 1 of the Realm of Zot
 36056 | Zot:1    | Noticed a golden dragon
 36066 | Zot:1    | Killed a golden dragon
 36109 | Zot:1    | Noticed a golden dragon
 36121 | Zot:1    | Killed a golden dragon
 36155 | Zot:1    | Noticed Tiamat
 36205 | Zot:1    | Killed Tiamat
 36559 | Zot:3    | Received a gift from Okawaru
 36827 | Zot:5    | Entered Level 5 of the Realm of Zot
 36831 | Zot:5    | Noticed a golden dragon
 36847 | Zot:5    | Killed a golden dragon
 37113 | Zot:5    | Noticed a golden dragon
 37126 | Zot:5    | Killed a golden dragon
 37900 | Zot:5    | Reached XP level 22. HP: 220/220 MP: 5/27
 37932 | Zot:5    | HP: 11/220 [poisoned by a ghost moth]
 37932 | Zot:5    | HP: 2/220 [something (9)]
 37932 | Zot:5    | Slain by a ghost moth

Skill      XL: |  1  2  3  4  5  6  7  8  9 10 11 12 13 14 15 16 17 18 19 20 21 |
---------------+----------------------------------------------------------------+-----
Axes           | 3 4 5 7 8 10 11 12 13 14 16 17 18 | 18.0
Shields        | 4 5 6 7 9 10 11 12 13 15 16 17 18 19 21 22 23 | 23.3
Armour         | 4 5 6 7 9 10 11 12 13 15 16 17 18 19 21 22 23 | 23.3
Fighting       | 4 5 6 7 9 10 11 12 13 15 16 17 18 19 21 22 23 | 23.3
Invocations    | 1 2 3 4 6 8 9 |  9.0

Action                   |  1- 3 |  4- 6 |  7- 9 | 10-12 | 13-15 | 16-18 | 19-21 | 22-24 || total
-------------------------+-------+-------+-------+-------+-------+-------+-------+-------++-------
Melee: War axe           |    91 |    98 |   332 |   486 |       |       |       |       ||  1007
       Headbutt          |     6 |    20 |    65 |   167 |   205 |   312 |   323 |     4 ||  1102
       Broad axe         |       |       |       |   179 |   734 |  1183 |  1202 |    20 ||  3318
Throw: Throwing net      |       |       |       |     1 |       |       |       |       ||     1
Invok: Heroism           |       |       |    15 |    27 |    26 |    28 |    21 |       ||   117
       Finesse           |       |       |       |     3 |     9 |    15 |    17 |       ||    44
 Abil: Stop Flying       |       |       |       |       |       |     1 |       |       ||     1
Evoke: Wand              |       |       |       |     1 |     4 |       |       |       ||     5
  Use: Potion            |       |     5 |       |     1 |       |     1 |    10 |     1 ||    18
       Scroll            |       |     2 |       |    14 |    12 |     9 |    17 |       ||    54
 Stab: Invisible         |       |     1 |       |       |       |       |       |       ||     1
       Held in net/web   |       |       |       |     2 |       |     1 |       |       ||     3
       Distracted        |       |       |       |       |    11 |     7 |    10 |       ||    28
  Eat: Chunk             |       |     5 |     7 |    18 |    10 |     9 |     8 |       ||    57
       Ration            |       |     1 |     2 |     1 |     7 |    10 |     9 |       ||    30
Armor: Scale mail        |    47 |    34 |    12 |       |       |       |       |       ||    93
       Skin              |       |     6 |       |       |       |       |       |       ||     6
       Chain mail        |       |       |   108 |    83 |       |       |       |       ||   191
       Plate armour      |       |       |       |   178 |   305 |   485 |   124 |       ||  1092
       Gold dragon scale |       |       |       |       |       |       |   430 |    24 ||   454
Dodge: Dodged            |    31 |    25 |    93 |   170 |   175 |   300 |   196 |     2 ||   992
Block: Shield            |    53 |    67 |   209 |   456 |   445 |   799 |   676 |    28 ||  2733
